 Dungeon Crawl Stone Soup version 0.30.1-11-g7821555f0a (webtiles) character file.

Game seed: 1137148008330261153

1614 Qelan the Covered (level 9, -1/54 HPs)
             Began as a Djinni Hedge Wizard on Nov 29, 2023.
             Was an Initiate of Trog.
             Killed by divine providence
             ... invoked by an orc priest
              (10 damage)
             ... on level 7 of the Dungeon.
             The game lasted 01:14:50 (4959 turns).

Qelan the Covered (Djinni Hedge Wizard)             Turns: 4959, Time: 01:14:51

Health: -1/54      AC: 12    Str: 11    XL:     9   Next: 16%
Gold:   309        EV: 11    Int: 16    God:    Trog [......] SH:  0 Dex: 21

rFire   + + .        b - +4 quarterstaff (chaos)
rCold   x . .        (shield currently unavailable)
rNeg    . . .        g - +1 scale mail
rPois   ∞            c - +0 hat
rElec   .            s - +0 cloak
rCorr   .            l - +2 pair of gloves
SInv    .            (boots unavailable)
Will    .....        j - amulet of regeneration
Stlth   +            i - +6 ring of dexterity
HPRegen 1.09/turn    (no ring)
MPRegen 0.00/turn

%: clarity, infuse magic (-2 HP)
@: about to teleport, flying
A: sickness immunity, fire resistance 2, cold vulnerability 1, float, innate
caster, HP casting, extra vitality 1, clarity, frail 1
a: Renounce Religion


You were on level 7 of the Dungeon.
You worshipped Trog.
Trog was noncommittal.
You visited 1 branch of the dungeon, and saw 7 of its levels.

You collected 309 gold pieces.

Inventory:

Hand Weapons
 b - a +4 quarterstaff of chaos (weapon)
 m - a +4 spear of venom
 p - a +1 war axe
 q - a +2 short sword of flaming
 r - a +2 short sword of venom
 w - a +0 hammer
Armour
 c - a +0 hat (worn)
 g - a +1 scale mail (worn)
 l - a +2 pair of gloves (worn)
 s - a +0 cloak (worn)
Jewellery
 i - a +6 ring of dexterity (left hand)
 j - an amulet of regeneration (around neck)
 o - a ring of positive energy
 u - the ring of Zionile {Wiz rC+ Dex+3}
   (You found it on level 7 of the Dungeon)

   [ring of wizardry]

   It improves your spell success rate.
   Dex:       It affects your dexterity (+3).
   rC:        It protects you from cold.
 v - a ring of protection from fire
Wands
 n - a wand of mindburst (22)
Scrolls
 d - a scroll of poison
 f - 2 scrolls of fog
 h - 6 scrolls of teleportation
 t - a scroll of immolation {unknown}
Potions
 a - a potion of lignification
 k - a potion of haste


   Skills:
 + Level 3.6 Fighting
 + Level 1.2 Short Blades
 + Level 3.3(3.5) Axes
 + Level 1.5(3.5) Polearms
 + Level 3.8(4.0) Staves
 + Level 4.5 Armour
 + Level 4.1 Dodging
 + Level 2.6 Stealth
 - Level 4.0 Spellcasting


You knew the following spells:

 Your Spells              Type           Power      Damage    Failure   Level
a - Magic Dart            Conj           64%        1d6       16%         1
b - Slow                  Hex            64%        N/A       16%         1
c - Blink                 Tloc           32%        N/A       24%         2
d - Call Imp              Summ           32%        N/A       24%         2
e - Mephitic Cloud        Conj/Pois/Air  16%        N/A       43%         3
f - Beastly Appendage     Tmut           32%        N/A       16%         1
g - Momentum Strike       Conj/Tloc      32%        3d8       24%         2
h - Ozocubu's Armour      Ice            16%        N/A       43%         3
i - Stone Arrow           Conj/Erth      32%        3d9       43%         3
Your spell library was empty.

Dungeon Overview and Level Annotations

Branches:
Dungeon (7/15)             Temple (0/1) D:5

Altars:
Dithmenos
Elyvilon
Okawaru
Trog
Uskayaw
Wu Jian
Xom


Innate Abilities, Weirdness & Mutations

You are immune to sickness and miasma.
You are immune to poison.
Your flesh is very heat resistant. (rF++)
You are vulnerable to cold. (rC-)
You float through the air rather than walking.
You learn spells naturally, not from books.
Your magical power is your life essence.
You have superior vitality. (+4 MHP)
You possess an exceptional clarity of mind.
You are frail. (-10% HP)


Message History

The goblin completely misses you.
The iguana bites you but does no damage.
The orc priest hits you but does no damage.
You barely miss the howler monkey.
The howler monkey is severely wounded.
The howler monkey completely misses you.
The goblin hits you but does no damage. The orc priest closely misses you.
The iguana barely misses you. The iguana attacks as you move away!
The iguana bites you!
* * * LOW HITPOINT WARNING * * *
The howler monkey hits you but does no damage. x3
The goblin barely misses you.
The orc priest hits you but does no damage.
You feel better.
The howler monkey hoots and howls with incredible vigour!
The howler monkey closely misses you. x2
The goblin hits you from afar with a +0 spear.
* * * LOW HITPOINT WARNING * * *
The iguana misses you. The orc priest completely misses you.
You hear a shout! x3
As you read the scroll of teleportation, it crumbles to dust.
You feel strangely unstable. The howler monkey barely misses you.
The howler monkey hits you.
* * * LOW HITPOINT WARNING * * *
The howler monkey closely misses you.
The goblin hits you but does no damage. x2
The iguana bites you but does no damage.
The howler monkey hoots and howls with incredible vigour!
An orc comes into view. It is wielding a +0 hand axe.
The orc priest barely misses you.
The howler monkey hits you but does no damage.
You closely miss the iguana. The howler monkey closely misses you.
The goblin closely misses you. The goblin barely misses you.
The howler monkey hits you but does no damage.
The howler monkey hits you.
* * * LOW HITPOINT WARNING * * *
The iguana closely misses you.
The howler monkey hoots and howls with incredible vigour!
The orc priest invokes the aid of Beogh against you.
Beogh smites you!
You die...

##..##....................
....#............#o.......
.............#.#.)#........
.............###)##.......#
#.............#.)##........
#..#..............†..h#
............####o{....#
.##.......######h##.<.....
#.......# #.l@h.#........
..#......# #gho.##........
#.#..##....gg#............
#.. #o....g##...##......
#.. .##.... #...........
#..... ....... #.....
..###.## ...... ..# ..


You could see an orc warrior, 3 howler monkeys, an iguana, an orc priest, an orc
and 4 goblins.

Vanquished Creatures
  A yak (D:6)
  2 orc warriors
  An ice beast (D:6)
  2 black bears
  2 ogres (D:5)
  A centaur (D:5)
  A scorpion (D:5)
  2 jellies (D:5)
  A howler monkey (D:7)
  2 orc priests
  A hound (D:5)
  Crazy Yiuf (D:5)
  4 iguanas
  4 sleepcaps
  5 adders
  15 gnolls
  An ufetubus (D:7)
  2 worms
  2 dart slugs
  11 orcs
  8 ball pythons
  10 bats
  9 endoplasms
  A giant cockroach (D:1)
  4 goblins
  A hobgoblin (D:1)
  3 jackals (D:4)
  2 quokkas (D:4)
  3 frilled lizards
  7 kobolds
  3 rats (D:1)
112 creatures vanquished.

Vanquished Creatures (others)
  An orc wizard (D:7)
1 creature vanquished.

Grand Total: 113 creatures vanquished

Notes
Turn   | Place    | Note
-------+----------+-------------------------------------------
     0 | D:1      | Qelan the Djinni Hedge Wizard began the quest for the Orb.
     0 | D:1      | Qelan set off with the following spells memorised: Magic
                  | Dart, Slow, Blink, Call Imp, Mephitic Cloud.
     0 | D:1      | Reached XP level 1. HP: 15/15 MP: 0/0
   195 | D:1      | Reached XP level 2. HP: 20/21 MP: 0/0
   483 | D:1      | Reached XP level 3. HP: 21/25 MP: 0/0
   483 | D:1      | Learned a level 1 spell: Beastly Appendage
   983 | D:2      | Found an iron altar of Okawaru.
  1342 | D:2      | Found a faded altar of an unknown god.
  1353 | D:2      | Prayed at the altar of an unknown god.
  1353 | D:2      | Became a worshipper of Uskayaw the Reveller
  1353 | D:2      | Reached * piety under Uskayaw
  1457 | D:3      | Reached ** piety under Uskayaw
  1459 | D:3      | Reached XP level 4. HP: 31/31 MP: 0/0
  1674 | D:3      | Reached *** piety under Uskayaw
  1678 | D:3      | Reached **** piety under Uskayaw
  1689 | D:3      | HP: 1/31 [gnoll/+0 spear (5)]
  1696 | D:3      | Reached skill level 1 in Short Blades
  1696 | D:3      | Reached skill level 1 in Armour
  2371 | D:4      | Reached XP level 5. HP: 14/35 MP: 0/0
  2371 | D:4      | Learned a level 2 spell: Momentum Strike
  2791 | D:5      | Entered Level 5 of the Dungeon
  2833 | D:5      | Reached skill level 1 in Fighting
  2833 | D:5      | Reached XP level 6. HP: 23/42 MP: 0/0
  3047 | D:5      | Reached skill level 1 in Axes
  3247 | D:5      | Noticed an ice beast
  3283 | D:5      | Found a staircase to the Ecumenical Temple.
  3368 | D:5      | Reached XP level 7. HP: 49/49 MP: 0/0
  3368 | D:5      | Learned a level 3 spell: Ozocubu's Armour
  3422 | D:5      | HP: 2/49 [gnoll/+4 spear of venom (9)]
  3428 | D:5      | HP: 1/49 [gnoll/+4 spear of venom (7)]
  3649 | D:5      | Reached XP level 8. HP: 13/55 MP: 0/0
  3839 | D:5      | Found a runed translucent door.
  3840 | D:5      | Noticed Crazy Yiuf
  3849 | D:5      | Killed Crazy Yiuf
  3894 | D:5      | Gained mutation: You possess an exceptional clarity of
                  | mind. [potion of mutation]
  3894 | D:5      | Gained mutation: You are frail. (-10% HP) [potion of
                  | mutation]
  4235 | D:6      | Reached skill level 1 in Polearms
  4470 | D:6      | Reached skill level 1 in Staves
  4557 | D:6      | Found an ornate altar of the Wu Jian Council.
  4558 | D:6      | Found a shimmering altar of Xom.
  4558 | D:6      | Found a bloodstained altar of Trog.
  4574 | D:6      | Fell from the grace of Uskayaw
  4574 | D:6      | Became a worshipper of Trog the Wrathful
  4645 | D:6      | Found a large runed translucent door.
  4646 | D:6      | Found a large runed translucent door.
  4710 | D:6      | Found a white marble altar of Elyvilon.
  4710 | D:6      | Noticed a yak
  4717 | D:6      | Killed a yak
  4731 | D:6      | Found a shadowy altar of Dithmenos.
  4880 | D:7      | Reached XP level 9. HP: 45/54 MP: 0/0
  4880 | D:7      | Learned a level 3 spell: Stone Arrow
  4890 | D:7      | Identified the ring of Zionile {Wiz rC+ Dex+3}
  4959 | D:7      | Killed from afar by an orc priest

Illustrated notes

Levels and vault maps discovered:
D:1:      reono_arrival_mine, layout_basic
D:2:      layout_basic, hellmonk_ecumenical_altar_slurped_away, basic_altar,
          serial_shops, nicolae_shop_tiny_real_fake_doors, minmay_pentomino_o2
D:3:      layout_basic
D:4:      layout_gridville, nrook_uturn, small_statue_intersection
D:5:      layout_basic, minmay_temple_entry_from_below_a,
          kennysheep_generic_room_8, uniq_crazy_yiuf_cottage
D:6:      layout_rooms, chequers_temple_overflow_statue_of_worship,
          jmf_multi_god_temple2, ldierk_geyser, columned_hall_lemuel,
          corner_web_ring
D:7:      layout_cave_pools, serial_shops, nicolae_square_shop, enter_bailey_3,
          skrybe_limestone_x

Skill      XL: |  1  2  3  4  5  6  7  8 |
---------------+-------------------------+-----
Spellcasting   | 3 4 |  4.0
Stealth        | 2 |  2.6
Short Blades   | 1 |  1.2
Armour         | 1 2 3 4 |  4.5
Fighting       | 1 2 3 |  3.6
Axes           | 2 3 |  3.3
Dodging        | 3 4 |  4.1
Polearms       | 1 |  1.5
Staves         | 3 |  3.8

Action                     |  1- 3 |  4- 6 |  7- 9 || total
---------------------------+-------+-------+-------++-------
  Melee: Short sword       |    73 |    38 |       ||   111
         Dagger            |     5 |       |       ||     5
         Punch             |     1 |     1 |     2 ||     4
         War axe           |       |    88 |    13 ||   101
         Spear             |       |       |    26 ||    26
         Quarterstaff      |       |       |   100 ||   100
   Cast: Magic Dart        |    44 |    79 |    17 ||   140
         Call Imp          |       |       |     4 ||     4
 Invoke: Stomp             |     1 |       |     2 ||     3
    Use: Scroll            |     4 |     5 |     2 ||    11
         Potion            |       |       |     9 ||     9
   Stab: Paralysed         |       |     3 |     1 ||     4
 Armour: Scale mail        |    35 |   104 |   113 ||   252
         Robe              |     4 |       |       ||     4
  Dodge: Dodged            |    29 |   104 |   108 ||   241
